 Dungeon Crawl Stone Soup version 0.13.1-28-g3517093 (webtiles) character file.

3468 CrazyArbalest the Basher (level 9, -1/61 HPs)
             Began as a Demonspawn Hunter on Mar 20, 2014.
             Was a Priest of Okawaru.
             Slain by a wandering mushroom (13 damage)
             ... on Level 8 of the Dungeon.
             The game lasted 00:41:45 (7417 turns).

CrazyArbalest the Basher (Demonspawn Hunter)        Turns: 7417, Time: 00:41:45

HP  -1/61        AC 16     Str 15      XL: 9   Next: 53%
MP   8/8         EV 15     Int 13      God: Okawaru [***...]
Gold 486         SH  0     Dex 19      Spells:  0 memorised,  8 levels left

Res.Fire  : . . .   See Invis. : +   I - +6,+3 flail of Moop {elec, SInv}
Res.Cold  : . . .   Warding    : .   E - +3 orc ring mail
Life Prot.: . . .   Conserve   : .   (no shield)
Res.Poison: .       Res.Corr.  : .   v - +0 horned helmet
Res.Elec. : .       Clarity    : .   (no cloak)
Sust.Abil.: + .     Spirit.Shd : .   (no gloves)
Res.Mut.  : .       Stasis     : .   L - +0 pair of boots
Res.Rott. : .       Flight     : .   T - cursed amulet of faith
Saprovore : + . .                    n - ring of sustain abilities {unknown}
                                     J - ring of protection from magic

@: agile, quite resistant to hostile enchantments, stealthy
A: claws 2, powered by pain 1, saprovore 1, AC +6
a: Heroism, Renounce Religion


You were on level 8 of the Dungeon.
You worshipped Okawaru.
Okawaru was most pleased with you.
You were hungry.

You visited 2 branches of the dungeon, and saw 9 of its levels.

You collected 466 gold pieces.

Inventory:

Hand weapons
 b - a +2,+5 crossbow
 r - a +2,+2 mace of protection
 I - the +6,+3 flail of Moop (weapon) {elec, SInv}
   (You found it on level 4 of the Dungeon)

   Occasionally, upon striking a foe, it will discharge some electrical energy
   and cause terrible harm.
   It enhances your eyesight.
 S - the +9,+8 dagger "Voros" {drain, Int+2}
   (You found it on level 4 of the Dungeon)

   A truly terrible weapon, it drains the life of those it strikes.
   It affects your intelligence (+2).
Missiles
 c - 48 bolts
 o - 10 poisoned bolts
Armour
 v - a +0 horned helmet (worn)
 E - a +3 orcish ring mail (worn)
 L - a +0 pair of boots (worn)
 R - a +2 elven chain mail of cold resistance
Magical devices
 a - a wand of slowing (10) {unknown}
 M - a wand of disintegration (22) {unknown}
Comestibles
 f - 8 bread rations
 k - a beef jerky
 l - 3 apples
 x - 8 sultanas
 B - 4 pears
 F - 10 grapes
 N - a lychee
 O - a chunk of giant gecko flesh
 Q - 2 apricots
 X - 4 lemons
 Y - 3 meat rations
Scrolls
 h - a scroll of random uselessness
 i - 4 scrolls of remove curse
 p - 3 scrolls of fog
 t - a scroll of teleportation
 u - 2 scrolls of immolation {unknown}
 y - a scroll of curse weapon
 z - a scroll of fear
 U - 2 scrolls of amnesia
Jewellery
 d - an uncursed amulet of warding
 n - a ring of sustain abilities (right claw) {unknown}
 q - an uncursed amulet of resist corrosion {unknown}
 w - an uncursed ring of see invisible
 C - an uncursed ring of magical power
 J - a ring of protection from magic (left claw)
 P - an uncursed ring of teleport control
 T - a cursed amulet of faith (around neck)
Potions
 e - 3 potions of heal wounds
 g - a potion of brilliance {unknown}
 j - 3 potions of curing {unknown}
 m - 2 potions of mutation {unknown}
 s - a potion of speed {unknown}
 A - a potion of agility {unknown}
 D - 2 potions of magic {unknown}
 G - a potion of berserk rage {unknown}
 H - a potion of flight {unknown}
 K - a potion of paralysis {unknown}
 V - a potion of cure mutation {unknown}
 W - a potion of might {unknown}


   Skills:
 - Level 1.0 Fighting
 - Level 0.3 Short Blades
 * Level 10.9 Maces & Flails
 - Level 5.3 Crossbows
 - Level 1.5 Armour
 - Level 3.0 Dodging
 - Level 1.1 Stealth


You had 8 spell levels left.
You didn't know any spells.

Dungeon Overview and Level Annotations

Branches:
Dungeon (8/27)             Temple (1/1) D:4             Orc (0/4) D:7
   Lair: D:8-13

Altars:
Ashenzari
Cheibriados
Elyvilon
Fedhas
Kikubaaqudgha
Makhleb
Nemelex Xobeh
Okawaru
Sif Muna
Trog
Vehumet
Xom
Yredelemnul
Zin
the Shining One

Annotations:
D:8 exclusion: 2 oklob saplings


Innate Abilities, Weirdness & Mutations

You have very sharp fingernails.
You are mostly covered in iridescent scales (AC +6).
You sometimes gain a little power by taking damage.
You can tolerate rotten meat.


Message History

The wandering mushroom barely misses you.
You hit the wandering mushroom.
The wandering mushroom is almost destroyed.
You hit the wandering mushroom.
There is a sudden explosion of sparks!
You destroy the wandering mushroom!
Marking area around the oklob sapling as unsafe for travelling.
An oklob sapling comes into view.
The wandering mushroom hits you!
* * * LOW HITPOINT WARNING * * *
You focus on the pain.
You feel more agile all of a sudden.
You are engulfed in a cloud of spores!
You are confused.
Found 2 apricots.
The wandering mushroom misses you.
You see here 2 bananas.
Ouch! You feel less confused. The wandering mushroom hits you!
You die...

#.##.# #.# #.##.#
##.# #.##.### ####...
#....<.# #......
♣♣♣♣♣♣♣># #.##... ♣♣
♣♣♣♣.♣♣♣♣###.###.#
♣♣♣♣♣♣.♣.♣♣..##.###.#
♣♣P♣♣.♣.♣♣.♣........#
♣♣.f@.♣♣.♣.♣###.#####
♣♣%_%♣♣♣.♣.♣###.#
♣♣♣%.P♣♣.♣.♣....#
♣♣♣♣♣♣♣♣♣.♣♣#####
♣♣♣♣♣♣♣♣♣♣## #####


You could see a wandering mushroom and 2 oklob saplings.

Vanquished Creatures
  Prince Ribbit (D:6)
  A hungry ghost (D:7)
  The ghost of kknd the Magician, an average DEWz of the Shining One (D:3)
  An ice beast (D:5)
  4 phantoms
  2 ogres (D:8)
  A water moccasin (D:8)
  2 troll zombies (D:7)
  4 wights (D:7)
  4 crimson imps
  3 orc priests
  A giant frog zombie (D:7)
  3 hounds
  A quasit (D:6)
  A scorpion (D:7)
  2 jellies
  5 orc wizards
  2 iguanas (D:7)
  7 worker ants
  7 ogre zombies
  7 adders
  3 gnolls (D:4)
  A worm zombie (D:6)
  A giant mite (D:6)
  6 worms
  3 wandering mushrooms (D:8)
  A giant eyeball (D:8)
  7 giant geckos
  36 orcs
  11 bats
  7 giant cockroaches
  10 hobgoblins
  12 jackals
  10 kobolds
  4 quokkas
  4 ball pythons
  3 giant newts
  8 goblins
  A hobgoblin skeleton (D:7)
  A hobgoblin zombie (D:7)
  2 kobold skeletons
  3 orc skeletons (D:7)
  20 orc zombies (D:7)
  14 rats
228 creatures vanquished.

Notes
Turn   | Place    | Note
--------------------------------------------------------------
     0 | D:1      | CrazyArbalest, the Demonspawn Hunter, began the quest for the Orb.
     0 | D:1      | Reached XP level 1. HP: 16/16 MP: 0/0
   163 | D:1      | Gained mutation: You are partially covered in iridescent scales (AC +4). [demonic ancestry]
   163 | D:1      | Reached XP level 2. HP: 22/22 MP: 1/1
   201 | D:1      | Reached skill level 4 in Crossbows
   714 | D:2      | Reached XP level 3. HP: 27/27 MP: 2/2
  1322 | D:3      | Reached skill level 1 in Stealth
  1326 | D:3      | Reached XP level 4. HP: 33/33 MP: 3/3
  1654 | D:3      | Noticed kknd's ghost (average DEWz)
  1662 | D:3      | Killed kknd's ghost
  1662 | D:3      | Reached skill level 5 in Crossbows
  1662 | D:3      | Reached skill level 1 in Armour
  1662 | D:3      | Gained mutation: You are mostly covered in iridescent scales (AC +6). [demonic ancestry]
  1662 | D:3      | Reached XP level 5. HP: 29/38 MP: 4/4
  2043 | D:3      | Found a basalt altar of Yredelemnul.
  2182 | D:4      | Found a staircase to the Ecumenical Temple.
  2219 | D:4      | Got a smoking flail
  2220 | D:4      | Identified the flail of Moop {elec, SInv} (You found it on level 4 of the Dungeon)
  2230 | Temple   | Entered the Ecumenical Temple
  3002 | D:4      | Reached skill level 1 in Maces & Flails
  3008 | D:4      | Gained mutation: You can tolerate rotten meat. [demonic ancestry]
  3008 | D:4      | Reached XP level 6. HP: 17/44 MP: 5/5
  3343 | Temple   | Became a worshipper of Warmaster Okawaru
  3546 | D:4      | Found a blossoming altar of Fedhas.
  3669 | D:4      | Noticed a phantom
  3686 | D:4      | Killed a phantom
  3710 | D:4      | Got a jewelled dagger
  3715 | D:4      | Identified the dagger "Voros" {drain, Int+2} (You found it on level 4 of the Dungeon)
  4204 | D:5      | Entered Level 5 of the Dungeon
  4347 | D:5      | Gained mutation: You sometimes gain a little power by taking damage. [demonic ancestry]
  4347 | D:5      | Reached XP level 7. HP: 49/49 MP: 6/6
  4578 | D:5      | Acquired Okawaru's first power
  4578 | D:5      | Reached skill level 5 in Maces & Flails
  5358 | D:5      | Reached skill level 6 in Maces & Flails
  5638 | D:6      | Gained mutation: You have sharp fingernails. [demonic ancestry]
  5638 | D:6      | Reached XP level 8. HP: 46/56 MP: 7/7
  5809 | D:6      | Noticed Prince Ribbit
  5817 | D:6      | Killed Prince Ribbit
  5817 | D:6      | Reached skill level 7 in Maces & Flails
  6167 | D:7      | Found a sparkling altar of Nemelex Xobeh.
  6229 | D:7      | Reached skill level 8 in Maces & Flails
  6265 | D:7      | Found a staircase to the Orcish Mines.
  6354 | D:7      | Reached skill level 9 in Maces & Flails
  6401 | D:7      | Gained mutation: You have very sharp fingernails. [demonic ancestry]
  6401 | D:7      | Reached XP level 9. HP: 28/61 MP: 8/8
  6950 | D:8      | Found a blossoming altar of Fedhas.
  6992 | D:8      | Reached skill level 10 in Maces & Flails
  7417 | D:8      | Slain by a wandering mushroom

Action                   |  1- 3 |  4- 6 |  7- 9 || total
-------------------------+-------+-------+-------++-------
Melee: Short sword       |    19 |    95 |       ||   114
       Flail             |       |    97 |   360 ||   457
       Whip              |       |       |     2 ||     2
 Fire: Crossbow          |    64 |    25 |       ||    89
  Use: Scroll            |       |     2 |    25 ||    27
